Workbook
Name MI: PRESUPUESTO!#REF!,PRESUPUESTO!#REF!,PRESUPUESTO!#REF!,PRESUPUESTO!#REF!,PRESUPUESTO!#REF!,PRESUPUESTO!#REF!,PRESUPUESTO!#REF!
Name ML: PRESUPUESTO!#REF!,PRESUPUESTO!#REF!,PRESUPUESTO!#REF!,PRESUPUESTO!#REF!,PRESUPUESTO!#REF!,PRESUPUESTO!#REF!,PRESUPUESTO!#REF!

Sheet PRESUPUESTO RESUMIDO
A1: =ROTULOS!A1 -> DEPARTAMENTO DEL HUILA
A2: =ROTULOS!A2 -> SECRETARIA DE AGRICULTURA Y MINERÍA
A3: =ROTULOS!A3 -> PRESUPUESTO
A4: ITEM | B4: CUBS | C4: ACTIVIDAD | D4: UND | E4: VR. UNT. | F4: CANT. | G4: VR. PARCIAL
B5: 1 | C5: PRELIMINARES
B6: 3.3.1.6.0 | C6: Localización y replanteo topografico | D6: M2 | E6: =#REF! -> #REF! | G6: =E6*F6 -> #REF!
B7: 3,3.1,6,0 | C7: =+#REF! -> #REF! | D7: M2 | E7: =+#REF! -> #REF! | G7: =E7*F7 -> #REF!
B8: 3.3.1.6.0 | C8: =+#REF! -> #REF! | D8: =+#REF! -> #REF! | E8: =+#REF! -> #REF! | G8: =E8*F8 -> #REF!
B9: 3.3.1.2.2 | C9: =+#REF! -> #REF! | D9: M2 | E9: =#REF! -> #REF! | G9: =E9*F9 -> #REF!
B11: 2 | C11: DEMOLICIONES Y DESMONTE DE ELEMENTOS
B12: 3.3.1.1.8 | C12: Demolición muros e-0.15m, con retiro | D12: M2 | E12: =#REF! -> #REF! | G12: =E12*F12 -> #REF!
B13: 3.3.1.1.7 | C13: Demolición muros e=0.25m, con retiro | D13: M2 | E13: =#REF! -> #REF! | G13: =E13*F13 -> #REF!
B14: 3.3-1.1.0 | C14: Demolición de enchape y revoque, con retiro | D14: M2 | E14: =#REF! -> #REF! | G14: =E14*F14 -> #REF!
B15: 3.3.1.1.12 | C15: Demolición placa de piso concreto e=0.10m, incluye retiro | D15: M2 | E15: =#REF! -> #REF! | G15: =E15*F15 -> #REF!
B16: 3.3.1.1.0 | C16: Demolición mecánica placa concreto e = .20m, incluye retiro | D16: M2 | E16: =#REF! -> #REF! | G16: =E16*F16 -> #REF!
B17: 3.3.1.1.0 | C17: =+#REF! -> #REF! | D17: M2 | E17: =#REF! -> #REF! | G17: =E17*F17 -> #REF!
B18: 3.3.1.1.0 | C18: Retiro de escombros hasta 3Km | D18: M3 | E18: =#REF! -> #REF! | G18: =E18*F18 -> #REF!
B19: 3.3.1.1.0 | C19: Demolición mecánica de concreto ciclópeo | D19: M3 | E19: =#REF! -> #REF! | G19: =E19*F19 -> #REF!
B20: 3.3.1.1.0 | C20: Demolición mecánica viga concreto armado | D20: M3 | E20: =#REF! -> #REF! | G20: =E20*F20 -> #REF!
B21: 3.3.1.1.2 | C21: =+#REF! -> #REF! | D21: =+#REF! -> #REF! | E21: =#REF! -> #REF! | G21: =E21*F21 -> #REF!
B22: 3.3.1.1.3 | C22: =+#REF! -> #REF! | D22: =+#REF! -> #REF! | E22: =+#REF! -> #REF! | G22: =E22*F22 -> #REF!
C23: Desmonte de cielo falso en madera,incluye desmonte de estructura en madera y retiro de escombros | D23: M2 | E23: =#REF! -> #REF! | G23: =E23*F23 -> #REF!
C24: Desmonte de cubierta en teja de barro ,incluye desmonte de estructura en madera y retiro de escombros | D24: M2 | E24: =#REF! -> #REF! | G24: =E24*F24 -> #REF!
B25: 3.3.1.1.0 | C25: Desmonte cubierta teja de zinc con estructura | D25: M2 | E25: =#REF! -> #REF! | G25: =E25*F25 -> #REF!
B27: 3 | C27: MOVIMIENTO DE TIERRA
B28: 3.3.2.2.0 | C28: Excavación manual con retiro hasta h=2,9m | D28: M3 | E28: ='1'!#REF! -> #REF! | G28: =E28*F28 -> #REF!
B29: 3.3.2.2.0 | C29: Excavación mecánica con retiro | D29: M3 | E29: ='1'!#REF! -> #REF! | G29: =E29*F29 -> #REF!
B30: 3.3.2.2.0 | C30: Excavación en roca | D30: M3 | E30: ='1'!#REF! -> #REF! | G30: =E30*F30 -> #REF!
B31: 3.3.2.1.2 | C31: Explanación con retiro | D31: M3 | E31: ='1'!#REF! -> #REF! | G31: =E31*F31 -> #REF!
B32: 3.3.2.1.0 | C32: Explanación corte extendida | D32: M3 | E32: ='1'!#REF! -> #REF! | G32: =E32*F32 -> #REF!
B33: 3.3.2.6.0 | C33: Relleno compactado con material de sitio | D33: M3 | E33: ='1'!#REF! -> #REF! | G33: =E33*F33 -> #REF!
B35: 4 | C35: CIMIENTOS
B36: 3.3.6.1.0 | C36: =+'1'!#REF! -> #REF! | D36: =+'1'!#REF! -> #REF! | E36: =+'1'!#REF! -> #REF! | G36: =E36*F36 -> #REF!
B37: 3.3.6.3.0 | C37: =+'1'!#REF! -> #REF! | D37: =+'1'!#REF! -> #REF! | E37: =+'1'!#REF! -> #REF! | G37: =E37*F37 -> #REF!
B38: 3.3.6.3.0 | C38: Concreto muro de contención 3000 PSI | D38: M3 | E38: ='1'!#REF! -> #REF! | G38: =E38*F38 -> #REF!
B39: 3.3.6.1.4 | C39: Cimentacion tipo zapatas en concreto de 3000 P.S.I | D39: M3 | E39: ='1'!#REF! -> #REF! | G39: =E39*F39 -> #REF!
B40: 3.3.6.1.0 | C40: Cimentacion tipo viga de amarre, concreto 3000 psi. 0.25x0.25, Incluye acero | D40: ML | E40: ='1'!#REF! -> #REF! | G40: =E40*F40 -> #REF!
B41: 3.3.6.1.0 | C41: Cimentacion tipo viga de amarre, concreto 3000 psi. 0.15x0.25, Incluye acero | D41: ML | E41: ='1'!#REF! -> #REF! | G41: =E41*F41 -> #REF!
B42: 3.3.6.1.0 | C42: Cimentacion tipo viga de amarre, concreto 3000 psi. 0.30x0.30, Incluye acero (4No.5, E-3/8" C/0,20m) | D42: ML | E42: ='1'!#REF! -> #REF! | G42: =E42*F42 -> #REF!
B43: 3.3.6.1.12 | C43: Cimentacion tipo viga de amarre, concreto 3000 psi. | D43: M3 | E43: ='1'!#REF! -> #REF! | G43: =E43*F43 -> #REF!
B44: 3.3.6.1.0 | C44: Cimentacion tipo solado de limpieza concreto 1700 psi. | D44: M3 | E44: ='1'!#REF! -> #REF! | G44: =E44*F44 -> #REF!
B45: 3.3.6.1.0 | C45: Cimentacion tipo solado de limpieza concreto 1700 psi e=0,05m | D45: =+'1'!#REF! -> #REF! | E45: =+'1'!#REF! -> #REF! | G45: =E45*F45 -> #REF!
B47: 5 | C47: MAMPOSTERIA
C48: Muro en ladrillo tolete comun e=0,07m | D48: M2 | E48: =#REF! -> #REF! | G48: =E48*F48 -> #REF!
B49: 3.3.4.2.1 | C49: Muro ladrillo tolete común e=0.12m | D49: M2 | E49: =#REF! -> #REF! | G49: =E49*F49 -> #REF!
B50: 3.3.4.2.2 | C50: Muro ladrillo tolete común e=0.25m | D50: M2 | E50: =#REF! -> #REF! | G50: =E50*F50 -> #REF!
B51: 3.3.4.0.0. | C51: Muro en bloque de cemento e=0.15m | D51: M2 | E51: =#REF! -> #REF! | G51: =E51*F51 -> #REF!
B52: 3.3.4.3.1 | C52: Muro ladrillo prensado e=0.12m rejilla santafé, visto por dos caras | D52: M2 | E52: =#REF! -> #REF! | G52: =E52*F52 -> #REF!
B53: 3.3.4.1.17 | C53: Muro ladrillo prensado e=0.12m de ladrillera, visto por dos caras | D53: M2 | E53: =#REF! -> #REF! | G53: =E53*F53 -> #REF!
B54: 3.3.4.0.0 | C54: Muro ladrillo semiprensado e-0.12 de ladrillera, visto una cara | D54: M2 | E54: =#REF! -> #REF! | G54: =E54*F54 -> #REF!
B55: 3.3.4.4.3 | C55: Bloque de arcilla No . 4 e-0.20m | D55: M2 | E55: =#REF! -> #REF! | G55: =E55*F55 -> #REF!
B56: 3.3.4.4.2 | C56: Bloque de arcilla No. 5 e-0.12m (12x20x30) | D56: M2 | E56: =#REF! -> #REF! | G56: =E56*F56 -> #REF!
B57: 3.3.4.8.1 | C57: Alfajia en concreto 3000 PSI, e= 0.15x0.25 incluye acero de refuerzo de 60000 P.S.I (2Ø3/8" refuerzo y E=Ø1/4" c. 0,20 m) | D57: ML | E57: =#REF! -> #REF! | G57: =E57*F57 -> #REF!
B58: 3.3.4.8.2 | C58: Alfajia en ladrillo a la vista | D58: ML | E58: =#REF! -> #REF! | G58: =E58*F58 -> #REF!
B59: 3.3.6.0.0 | C59: Mesón en concreto 3.000PSI, a=0.60m, e=0.10m, enchapado | D59: ML | E59: =#REF! -> #REF! | G59: =E59*F59 -> #REF!
B60: 3.3.6.0.0 | C60: Mesón en concreto 0.60m, revestido granito | D60: ML | E60: =#REF! -> #REF! | G60: =E60*F60 -> #REF!
... B63: 3.3.4.4.1 | C63: Muro de arcilla No 4 E=0.10m | D63: M2 | E63: =#REF! -> #REF! | G63: =E63*F63 -> #REF!
B65: 6 | C65: ESTRUCTURA
B66: 3.3.6.8.0 | C66: Acero de refuerzo de 37000 P.S.I | D66: Kg | E66: =#REF! -> #REF! | G66: =E66*F66 -> #REF!
B67: 3.3.6.8.2 | C67: Acero de refuerzo de 60000 P.s.I | D67: Kg | E67: =#REF! -> #REF! | G67: =E67*F67 -> #REF!
B68: 3.3.6.2.1 | C68: Concreto para escaleras de 3000 P.S.I | D68: M3 | E68: =#REF! -> #REF! | G68: =E68*F68 -> #REF!
B69: 3.3.6.4.3 | C69: Muro para tanque en concreto armado de 3000 P.S.I e=0.25m | D69: M3 | E69: =#REF! -> #REF! | G69: =E69*F69 -> #REF!
B70: 3.3.6.4.2 | C70: Placa para tapa de tanque en concreto armado de 3000 P.S.I e=0.25m | D70: M3 | E70: =#REF! -> #REF! | G70: =E70*F70 -> #REF!
B71: 3.3.6.4.1 | C71: Placa para fondo de tanque en concreto armado de 3000 P.S.I e=0.15m / | D71: M3 | E71: =#REF! -> #REF! | G71: =E71*F71 -> #REF!
B72: 3.3.6.0.0 | C72: Junta en p.v.c base tanque | D72: ML | E72: =#REF! -> #REF! | G72: =E72*F72 -> #REF!
B73: 3.3.6.0.0 | C73: Placa aligerada con casetón (0.30m), incluye acero temperatura y malla cíelorao | D73: M2 | E73: =#REF! -> #REF! | G73: =E73*F73 -> #REF!
B74: 3.3.6.0.0 | C74: Placa aligerada con casetón (0.45m), incluye acero temperatura y malla cieloraso | D74: M2 | E74: =#REF! -> #REF! | G74: =E74*F74 -> #REF!
B75: 3.3.6.0.0 | C75: Placa aligerada con casetón (0.50m), incluye acero temperatura y malla cieloraso | D75: =+#REF! -> #REF! | E75: =+#REF! -> #REF! | G75: =E75*F75 -> #REF!
B76: 3.3.6.0.0 | C76: Placa Steel-deck (a-0.09 mm) | D76: M2 | E76: =#REF! -> #REF! | G76: =E76*F76 -> #REF!
B77: 3.3.6.5.2 | C77: Placa Aerea,maciza, en concreto de 3.000PSI, e-0.15m | D77: M2 | E77: =#REF! -> #REF! | G77: =E77*F77 -> #REF!
B78: 3.3.4.7.0 | C78: Dintel en concreto 0.15x0.12m, incl. acero | D78: ML | E78: =#REF! -> #REF! | G78: =E78*F78 -> #REF!
B79: 3.3.6.7.0 | C79: Viga en concreto 0.30x0.12m, incl. acero | D79: ML | E79: =#REF! -> #REF! | G79: =E79*F79 -> #REF!
B80: 3.3.6.7.0 | C80: Viga en concreto 0.30x0.30m,3000 PSI, incluye acero (4No5-E 3/8" C/ 0.15) | D80: ML | E80: =#REF! -> #REF! | G80: =E80*F80 -> #REF!
B81: 3.3.6.7.0 | C81: Viga en concreto 0.25x0.25m,3000 PSI, incluye acero (4No5-E 3/8" C/ 0.15) | D81: ML | E81: =#REF! -> #REF! | G81: =E81*F81 -> #REF!
B82: 3.3.6.7.2 | C82: Viga en concreto de 3000 P.S.I | D82: M3 | E82: =#REF! -> #REF! | G82: =E82*F82 -> #REF!
B83: 3.3.6.7.6 | C83: Viga canal en concreto 3000 P.S.I | D83: M3 | E83: =#REF! -> #REF! | G83: =E83*F83 -> #REF!
B84: 3.3.6.6.0 | C84: Columna en concreto 0.30x0.30m, 3000PSI | D84: ML | E84: =#REF! -> #REF! | G84: =E84*F84 -> #REF!
B85: 3.3.6.6.0 | C85: Columna en concreto 0.30x0.30m, 3000PSI, incluye refuerzo (4No5-E 3/8" C/ 0.15) | D85: ML | E85: =#REF! -> #REF! | G85: =E85*F85 -> #REF!
B86: 3.3.6.6.0 | C86: Columna en concreto 0.30x0.40m, 3000PSI, incluye refuerzo (6No5-E 3/8" C/ 0.15) para Tanque | D86: ML | E86: =#REF! -> #REF! | G86: =E86*F86 -> #REF!
B87: 3.3.6.6.1 | C87: Columna en concreto de 3000 P.S.I | D87: M3 | E87: =#REF! -> #REF! | G87: =E87*F87 -> #REF!
B88: 3.3.6.6.0 | C88: Columneta concreto 0.20x0.12m, incl. acero (4No4-E 3/8" C/ 0.15) | D88: ML | E88: =#REF! -> #REF! | G88: =E88*F88 -> #REF!
B89: 3.3.6.6.0 | C89: Columneta concreto 0.25x0.12m, incl. acero (4No4-E 3/8" C/ 0.15) | D89: ML | E89: =+#REF! -> #REF! | G89: =E89*F89 -> #REF!
B90: 3.3.6.6.0 | C90: Columneta concreto 0.30x0.12m, incl. acero (4No4-E 3/8" C/ 0.15) | D90: ML | E90: =#REF! -> #REF! | G90: =E90*F90 -> #REF!
B91: 3.3.6.7.0 | C91: Viga culata 0.12x0.10m, incl. Acero (2-3/8",E-1/4" c/,20) | D91: ML | E91: =#REF! -> #REF! | G91: =E91*F91 -> #REF!
B92: 3.3.6.7.0 | C92: Viga culata 0.12x0.10m, incl. Acero (2No.4,E-3/8" c/,20) | D92: ML | E92: =#REF! -> #REF! | G92: =E92*F92 -> #REF!
B93: 3.3.6.7.0 | C93: Viga de confinamiento de muros 0.20x0.12m, incluye acero (4-E 3/8",E 1/4" C/ 0.15) | D93: ML | E93: =#REF! -> #REF! | G93: =E93*F93 -> #REF!
B94: 3.3.6.6.0 | C94: Columna perfil metálico doble cal 16 | D94: ML | E94: =#REF! -> #REF! | G94: =E94*F94 -> #REF!
B95: 3.3.6.6.0 | C95: Columna metálica en ángulo | D95: ML | E95: =#REF! -> #REF! | G95: =E95*F95 -> #REF!
B96: 3.3.6.6.0 | C96: Columna en tubo 2" y varilla 5/8", pórtico de 18 mts de luz | D96: ML | E96: =#REF! -> #REF! | G96: =E96*F96 -> #REF!
B98: 7 | C98: INSTALACIONES ELÉCTRICAS
B99: 3.3.13.0.0. | C99: Acometida Electrica Iluminacion monofasica | D99: UN | E99: =+#REF! -> #REF! | G99: =E99*F99 -> #REF!
C100: Salida parcial monofásica tablero 2 circuitos, Incluye tablero y Breakers | D100: UN | E100: =#REF! -> #REF! | G100: =E100*F100 -> #REF!
B101: 3.3.13.0.0. | C101: =+#REF! -> #REF! | D101: =+#REF! -> #REF! | E101: =+#REF! -> #REF! | G101: =E101*F101 -> #REF!
B102: 3.3.13.0.0. | C102: Salida parcial hasta 30m | D102: UN | E102: =#REF! -> #REF! | G102: =E102*F102 -> #REF!
B103: 3.3.13.0.0 | C103: Salida parcial hasta 60m | D103: UN | E103: =#REF! -> #REF! | G103: =E103*F103 -> #REF!
C104: Cable concentrico monofasico | D104: ML | E104: =#REF! -> #REF! | G104: =E104*F104 -> #REF!
B105: 3.3.13.0.0 | C105: Tablero de automáticos 12 circuitos | D105: UN | E105: =#REF! -> #REF! | G105: =E105*F105 -> #REF!
B106: 3.3.13.0.0 | C106: Tablero de automáticos 4 circuitos | D106: UN | E106: =#REF! -> #REF! | G106: =E106*F106 -> #REF!
B107: 3.3.13.0.0 | C107: Salida bifásica | D107: UN | E107: =#REF! -> #REF! | G107: =E107*F107 -> #REF!
B108: 3.3.13.0.0 | C108: Salida toma corriente doble 110v | D108: UN | E108: =#REF! -> #REF! | G108: =E108*F108 -> #REF!
...

Sheet ROTULOS
A1: DEPARTAMENTO DEL HUILA
A2: SECRETARIA DE AGRICULTURA Y MINERÍA
A3: PRESUPUESTO
A4: MEJORAMIENTO DE LA PLAZA DE FERIAS DEL MUNICIPIO DE ACEVEDO DEPARTAMENTO DEL HUILA

Sheet MANO DE OBRA Y CUADRILLAS
B1: =ROTULOS!A1 -> DEPARTAMENTO DEL HUILA
B2: =ROTULOS!A2 -> SECRETARIA DE AGRICULTURA Y MINERÍA
B3: =ROTULOS!A3 -> PRESUPUESTO
B5: ANÁLISIS DE PRECIOS UNITARIOS - SUBPRODUCTOS - VIGENCIA 2023 | H5: SALARIO 2023 | I5: 1160000
H6: SALARIO DIA PROMEDIO | I6: =I5/30 -> 38667
B7: AYUDANTE (Incl. Prestaciones) | H7: SUB TRANSPORTE | I7: 140606
B9: DESCRIPCIÓN | C9: UNIDAD | D9: CANT | E9: V/r UNITARIO | F9: V/r PARCIAL
B11: AYUDANTE | C11: DIA | D11: 1 | E11: 48000 | F11: =E11*D11 -> 48000
B13: PRESTACIONES SOCIALES | I13: COSTO TOTAL | J13: PATRONO | K13: EMPLEADO
B14: Subsidio de transporte | C14: % | D14: =(F14/E14) -> 0.0976 | E14: =E$11 -> 48000 | F14: =I7/30 -> 4686.87 | H14: PENSION | I14: 0.16 | J14: 0.12 | K14: =I14-J14 -> 0.04
B15: Cesantias | C15: % | D15: 0.0833 | E15: =E$11 -> 48000 | F15: =E15*D15 -> 3998.4 | H15: SALUD | I15: 0.125 | J15: 0.085 | K15: =I15-J15 -> 0.04
B16: Intereses de cesantias | C16: % | D16: 0.01 | E16: =E$11 -> 48000 | F16: =E16*D16 -> 480 | H16: RIESGOS | I16: 0.0696 | J16: 0.0696 | K16: =I16-J16 -> 0
B17: Prima legal | C17: % | D17: 0.0833 | E17: =E$11 -> 48000 | F17: =E17*D17 -> 3998.4 | I17: =SUM(I14:I16) -> 0.3546 | J17: =SUM(J14:J16) -> 0.2746 | K17: =SUM(K14:K16) -> 0.08
B18: Vacaciones | C18: % | D18: 0.0416 | E18: =E$11 -> 48000 | F18: =E18*D18 -> 1996.8
B19: Seguridad Social | C19: % | D19: 0.3546 | E19: =E$11 -> 48000 | F19: =E19*D19 -> 17020.8
B21: APORTES PARAFISCALES:
B22: Caja de compesnacion familiar | C22: % | D22: 0.04 | E22: =E$11 -> 48000 | F22: =E22*D22 -> 1920
B23: Sena | C23: % | D23: 0.02 | E23: =E$11 -> 48000 | F23: =E23*D23 -> 960
B24: FIC | C24: % | D24: 0.0175 | E24: =E$11 -> 48000 | F24: =E24*D24 -> 840
B25: ICBF | C25: % | D25: 0.03 | E25: =E$11 -> 48000 | F25: =E25*D25 -> 1440
B27: DOTACION | C27: % | D27: 0.0528 | E27: =E$11 -> 48000 | F27: =E27*D27 -> 2534.4
B29: INCREMENTO TOTAL | C29: % | D29: =SUM(D14:D27) -> 0.8307
C31: [ DIA ] | E31: V/r UNITARIO | F31: =SUM(F11:F27) -> 87875.67
C32: [ HR ] | F32: =F31/8 -> 10984.46
B34: OFICIAL (Incl. Prestaciones)
B36: DESCRIPCIÓN | C36: UNIDAD | D36: CANT | E36: V/r UNITARIO | F36: V/r PARCIAL
B38: OFICIAL | C38: DIA | D38: 1 | E38: 68000 | F38: =E38*D38 -> 68000
B40: PRESTACIONES SOCIALES
B41: Subsidio de transporte | C41: % | D41: =(F41/E41) -> 0.0689 | E41: =E$38 -> 68000 | F41: =I7/30 -> 4686.87
B42: Cesantias | C42: % | D42: 0.0833 | E42: =E$38 -> 68000 | F42: =E42*D42 -> 5664.4
B43: Intereses de cesantias | C43: % | D43: 0.01 | E43: =E$38 -> 68000 | F43: =E43*D43 -> 680
B44: Prima legal | C44: % | D44: 0.0833 | E44: =E$38 -> 68000 | F44: =E44*D44 -> 5664.4
B45: Vacaciones | C45: % | D45: 0.0416 | E45: =E$38 -> 68000 | F45: =E45*D45 -> 2828.8
B46: Seguridad Social | C46: % | D46: 0.3546 | E46: =E$38 -> 68000 | F46: =E46*D46 -> 24112.8
B48: APORTES PARAFISCALES:
B49: Caja de compesnacion familiar | C49: % | D49: 0.04 | E49: =E$38 -> 68000 | F49: =E49*D49 -> 2720
B50: Sena | C50: % | D50: 0.02 | E50: =E$38 -> 68000 | F50: =E50*D50 -> 1360
B51: FIC | C51: % | D51: 0.0175 | E51: =E$38 -> 68000 | F51: =E51*D51 -> 1190
B52: ICBF | C52: % | D52: 0.03 | E52: =E$38 -> 68000 | F52: =E52*D52 -> 2040
B54: DOTACION | C54: % | D54: 0.0528 | E54: =E$38 -> 68000 | F54: =E54*D54 -> 3590.4
B56: INCREMENTO TOTAL | C56: % | D56: =SUM(D41:D54) -> 0.802
C58: [ DIA ] | E58: V/r UNITARIO | F58: =SUM(F38:F54) -> 122537.67
C59: [ HR ] | F59: =F58/8 -> 15317.21
B61: MANO DE OBRA A
B63: DESCRIPCIÓN | C63: UNIDAD | D63: CANT | E63: V/r UNITARIO | F63: V/r PARCIAL
B65: OFICIAL (Incl. Prestaciones) | C65: HR | D65: 1 | E65: =$F$59 -> 15317.21 | F65: =E65*D65 -> 15317.21
B66: AYUDANTE (Incl. Prestaciones) | C66: HR | D66: 1 | E66: =$F$32 -> 10984.46 | F66: =E66*D66 -> 10984.46
C68: [ HR ] | E68: V/r UNITARIO | F68: =ROUND(F65+F66,0) -> 26302
B70: MANO DE OBRA B
B72: DESCRIPCIÓN | C72: UNIDAD | D72: CANT | E72: V/r UNITARIO | F72: V/r PARCIAL
B74: AYUDANTE (Incl. Prestaciones) | C74: HR | D74: 1 | E74: =$F$32 -> 10984.46 | F74: =E74*D74 -> 10984.46
B75: AYUDANTE (Incl. Prestaciones) | C75: HR | D75: 1 | E75: =$F$32 -> 10984.46 | F75: =E75*D75 -> 10984.46
C77: [ HR ] | E77: V/r UNITARIO | F77: =ROUND(F74+F75,0) -> 21969
B79: MANO DE OBRA C
B81: DESCRIPCIÓN | C81: UNIDAD | D81: CANT | E81: V/r UNITARIO | F81: V/r PARCIAL
B83: AYUDANTE (Incl. Prestaciones) | C83: HR | D83: 1 | E83: =$F$32 -> 10984.46 | F83: =E83*D83 -> 10984.46
B84: AYUDANTE (Incl. Prestaciones) | C84: HR | D84: 1 | E84: =$F$32 -> 10984.46 | F84: =E84*D84 -> 10984.46
B85: AYUDANTE (Incl. Prestaciones) | C85: HR | D85: 1 | E85: =$F$32 -> 10984.46 | F85: =E85*D85 -> 10984.46
C87: [ HR ] | E87: V/r UNITARIO | F87: =ROUND(F84+F85+F83,0) -> 32953
B89: MANO DE OBRA D
B91: DESCRIPCIÓN | C91: UNIDAD | D91: CANT | E91: V/r UNITARIO | F91: V/r PARCIAL
B93: OFICIAL (Incl. Prestaciones) | C93: HR | D93: 1 | E93: =F59 -> 15317.21 | F93: =E93*D93 -> 15317.21
B94: AYUDANTE (Incl. Prestaciones) | C94: HR | D94: 1 | E94: =$F$32 -> 10984.46 | F94: =E94*D94 -> 10984.46
B95: AYUDANTE (Incl. Prestaciones) | C95: HR | D95: 1 | E95: =$F$32 -> 10984.46 | F95: =E95*D95 -> 10984.46
C97: [ HR ] | E97: V/r UNITARIO | F97: =ROUND(F94+F95+F93,0) -> 37286
B99: DESCRIPCIÓN | C99: UNIDAD | D99: CANT | E99: V/r UNITARIO | F99: V/r PARCIAL
B101: OFICIAL (Incl. Prestaciones) | C101: HR | D101: 1.1 | E101: =$F$59 -> 15317.21 | F101: =E101*D101 -> 16848.93
B102: AYUDANTE (Incl. Prestaciones) | C102: HR | D102: 1.1 | E102: =$F$32 -> 10984.46 | F102: =E102*D102 -> 12082.91
C104: [ HR ] | E104: V/r UNITARIO | F104: =ROUND(F101+F102,0) -> 28932
B106: MANO DE OBRA CARPINTERIA
B108: DESCRIPCIÓN | C108: UNIDAD | D108: CANT | E108: V/r UNITARIO | F108: V/r PARCIAL
B110: OFICIAL (Incl. Prestaciones) | C110: HR | D110: 1.2 | E110: =$F$59 -> 15317.21 | F110: =E110*D110 -> 18380.65
B111: AYUDANTE (Incl. Prestaciones) | C111: HR | D111: 1.2 | E111: =$F$32 -> 10984.46 | F111: =E111*D111 -> 13181.35
C113: [ HR ] | E113: V/r UNITARIO | F113: =ROUND(F110+F111,0) -> 31562
B115: MANO DE OBRA PINTURA
B117: DESCRIPCIÓN | C117: UNIDAD | D117: CANT | E117: V/r UNITARIO | F117: V/r PARCIAL
B119: OFICIAL (Incl. Prestaciones) | C119: HR | D119: 1.15 | E119: =$F$59 -> 15317.21 | F119: =E119*D119 -> 17614.79
B120: AYUDANTE (Incl. Prestaciones) | C120: HR | D120: 1.15 | E120: =$F$32 -> 10984.46 | F120: =E120*D120 -> 12632.13
C122: [ HR ] | E122: V/r UNITARIO | F122: =ROUND(F119+F120,0) -> 30247
B124: MANO DE OBRA ELECTRICA
B126: DESCRIPCIÓN | C126: UNIDAD | D126: CANT | E126: V/r UNITARIO | F126: V/r PARCIAL
B128: OFICIAL (Incl. Prestaciones) | C128: HR | D128: 1.3 | E128: =$F$59 -> 15317.21 | F128: =E128*D128 -> 19912.37
B129: AYUDANTE (Incl. Prestaciones) | C129: HR | D129: 1.3 | E129: =$F$32 -> 10984.46 | F129: =E129*D129 -> 14279.8
C131: [ HR ] | E131: V/r UNITARIO | F131: =ROUND(F128+F129,0) -> 34192
B134: TRASNPORTE DE MATERIALES | H134: 2020
B135: VIAJE DE TRANSPORTE DE MATERIALES DE FERRETERIA NEIVA HOBO | E135: VJ | F135: 450000 | G135: 0.05 | H135: =F135+(F135*G135) -> 472500

Sheet ANALISIS BASICOS
B1: =ROTULOS!A1 -> DEPARTAMENTO DEL HUILA
B2: =ROTULOS!A2 -> SECRETARIA DE AGRICULTURA Y MINERÍA
B3: =ROTULOS!A3 -> PRESUPUESTO
B5: ANÁLISIS DE PRECIOS UNITARIOS - SUBPRODUCTOS
B8: CONCRETO 3500 PSI | E8: Unidad: | F8: M3
B10: DESCRIPCIÓN | C10: UNIDAD | D10: CANT | E10: V/r UNITARIO | F10: V/r PARCIAL
B11: MATERIALES : | F11: =SUM(F12:F16) -> 396128
B12: CEMENTO GRIS | C12: KG | D12: 380 | E12: ='LISTADO DE MATERIALES'!D91 -> 660 | F12: =E12*D12 -> 250800
B13: ARENA | C13: M3 | D13: 0.6 | E13: ='LISTADO DE MATERIALES'!D43 -> 85000 | F13: =E13*D13 -> 51000
B14: GRAVILLA DE PLANTA | C14: M3 | D14: 0.76 | E14: ='LISTADO DE MATERIALES'!D159 -> 116800 | F14: =E14*D14 -> 88768
B15: AGUA | C15: LT | D15: 180 | E15: ='LISTADO DE MATERIALES'!D23 -> 22 | F15: =E15*D15 -> 3960
B16: ENSAYOS | C16: UND | D16: 0.01 | E16: =+'LISTADO DE MATERIALES'!D538 -> 160000 | F16: =E16*D16 -> 1600
B18: EQUIPO Y HERRAMIENTAS: | F18: =SUM(F19:F20) -> 9993
B19: HERRAMIENTA MENOR | C19: GL | D19: 1 | E19: ='LISTADO DE MATERIALES'!D171 -> 1993 | F19: =E19*D19 -> 1993
B20: MEZCLADORA | C20: DIA | D20: 0.1 | E20: =+'LISTADO DE MATERIALES'!D216 -> 80000 | F20: =E20*D20 -> 8000
B22: MANO DE OBRA: | F22: =SUM(F23:F24) -> 126248
B23: OFICIAL (incl. Prestaciones) | C23: DIA | D23: 0.6 | E23: ='MANO DE OBRA Y CUADRILLAS'!F$58 -> 122537.67 | F23: =E23*D23 -> 73522.6
B24: AYUIDANTE (Incl. Prestaciones) | C24: DIA | D24: 0.6 | E24: ='MANO DE OBRA Y CUADRILLAS'!F$31 -> 87875.67 | F24: =E24*D24 -> 52725.4
C26: [ M3 ] V/r. COSTO DIRECTO = | F26: =ROUND(F22+F18+F11,0) -> 532369
B29: CONCRETO 3000 PSI (1:2:3) | E29: Unidad: | F29: M3
B31: DESCRIPCIÓN | C31: UNIDAD | D31: CANT | E31: V/r UNITARIO | F31: V/r PARCIAL
B32: MATERIALES : | F32: =SUM(F33:F37) -> 379540
B33: CEMENTO GRIS | C33: KG | D33: 350 | E33: ='LISTADO DE MATERIALES'!D91 -> 660 | F33: =E33*D33 -> 231000
B34: ARENA | C34: M3 | D34: 0.52 | E34: ='LISTADO DE MATERIALES'!D43 -> 85000 | F34: =E34*D34 -> 44200
B35: GRAVILLA DE PLANTA | C35: M3 | D35: 0.9 | E35: 110000 | F35: =E35*D35 -> 99000
B36: AGUA | C36: LT | D36: 170 | E36: ='LISTADO DE MATERIALES'!D23 -> 22 | F36: =E36*D36 -> 3740
B37: ENSAYOS | C37: UND | D37: 0.01 | E37: =E16 -> 160000 | F37: =E37*D37 -> 1600
B39: EQUIPO Y HERRAMIENTAS: | F39: =SUM(F40:F41) -> 9993
B40: HERRAMIENTA MENOR | C40: GL | D40: 1 | E40: ='LISTADO DE MATERIALES'!D171 -> 1993 | F40: =E40*D40 -> 1993
B41: MEZCLADORA | C41: DIA | D41: 0.1 | E41: =+'LISTADO DE MATERIALES'!D216 -> 80000 | F41: =E41*D41 -> 8000
B43: MANO DE OBRA: | F43: =SUM(F44:F45) -> 126248
B44: OFICIAL (incl. Prestaciones) | C44: DIA | D44: 0.6 | E44: ='MANO DE OBRA Y CUADRILLAS'!F$58 -> 122537.67 | F44: =E44*D44 -> 73522.6
B45: AYUIDANTE (Incl. Prestaciones) | C45: DIA | D45: 0.6 | E45: ='MANO DE OBRA Y CUADRILLAS'!F$31 -> 87875.67 | F45: =E45*D45 -> 52725.4
C47: [ M3 ] V/r. COSTO DIRECTO = | F47: =ROUND(F43+F39+F32,0) -> 515781
B50: CONCRETO DE 2.500 PSI (1:3:3) | E50: Unidad: | F50: M3
B52: DESCRIPCIÓN | C52: UNIDAD | D52: CANT | E52: V/r UNITARIO | F52: V/r PARCIAL
B53: MATERIALES : | F53: =SUM(F54:F58) -> 344246
B54: CEMENTO GRIS | C54: KG | D54: 300 | E54: ='LISTADO DE MATERIALES'!D91 -> 660 | F54: =E54*D54 -> 198000
B55: ARENA | C55: M3 | D55: 0.72 | E55: =E34 -> 85000 | F55: =E55*D55 -> 61200
B56: GRAVILLA DE PLANTA | C56: M3 | D56: 0.72 | E56: =E35 -> 110000 | F56: =E56*D56 -> 79200
B57: AGUA | C57: LT | D57: 193 | E57: =E36 -> 22 | F57: =E57*D57 -> 4246
B58: ENSAYOS | C58: UND | D58: 0.01 | E58: =E37 -> 160000 | F58: =E58*D58 -> 1600
B60: EQUIPO Y HERRAMIENTAS: | F60: =SUM(F61:F62) -> 9993
B61: HERRAMIENTA MENOR | C61: GL | D61: 1 | E61: ='LISTADO DE MATERIALES'!D171 -> 1993 | F61: =E61*D61 -> 1993
B62: MEZCLADORA | C62: DIA | D62: 0.1 | E62: =+'LISTADO DE MATERIALES'!D216 -> 80000 | F62: =E62*D62 -> 8000
B64: MANO DE OBRA: | F64: =SUM(F65:F66) -> 73644.66
B65: OFICIAL (incl. Prestaciones) | C65: DIA | D65: 0.35 | E65: ='MANO DE OBRA Y CUADRILLAS'!F$58 -> 122537.67 | F65: =E65*D65 -> 42888.18
B66: AYUIDANTE (Incl. Prestaciones) | C66: DIA | D66: 0.35 | E66: ='MANO DE OBRA Y CUADRILLAS'!F$31 -> 87875.67 | F66: =E66*D66 -> 30756.48
C68: [M3 ] V/r. COSTO DIRECTO = | F68: =ROUND(F64+F60+F53,0) -> 427884
B71: CONCRETO DE 1.700 PSI (1:3:6) | E71: Unidad: | F71: M3
B73: DESCRIPCIÓN | C73: UNIDAD | D73: CANT | E73: V/r UNITARIO | F73: V/r PARCIAL
B74: MATERIALES : | F74: =SUM(F75:F78) -> 295668
B75: CEMENTO GRIS | C75: KG | D75: 210 | E75: ='LISTADO DE MATERIALES'!D91 -> 660 | F75: =E75*D75 -> 138600
B76: ARENA | C76: M3 | D76: 0.51 | E76: =E34 -> 85000 | F76: =E76*D76 -> 43350
B77: GRAVILLA DE PLANTA | C77: M3 | D77: 1 | E77: =E35 -> 110000 | F77: =E77*D77 -> 110000
B78: AGUA | C78: LT | D78: 169 | E78: =E57 -> 22 | F78: =E78*D78 -> 3718
B80: EQUIPO Y HERRAMIENTAS: | F80: =SUM(F81:F82) -> 9993
B81: HERRAMIENTA MENOR | C81: GL | D81: 1 | E81: ='LISTADO DE MATERIALES'!D171 -> 1993 | F81: =E81*D81 -> 1993
B82: MEZCLADORA | C82: DIA | D82: 0.1 | E82: =+'LISTADO DE MATERIALES'!D216 -> 80000 | F82: =E82*D82 -> 8000
B84: MANO DE OBRA: | F84: =SUM(F85:F86) -> 73644.66
B85: OFICIAL (incl. Prestaciones) | C85: DIA | D85: 0.35 | E85: ='MANO DE OBRA Y CUADRILLAS'!F$58 -> 122537.67 | F85: =E85*D85 -> 42888.18
B86: AYUIDANTE (Incl. Prestaciones) | C86: DIA | D86: 0.35 | E86: ='MANO DE OBRA Y CUADRILLAS'!F$31 -> 87875.67 | F86: =E86*D86 -> 30756.48
C88: [ M3 ] V/r. COSTO DIRECTO = | F88: =ROUND(F84+F80+F74,0) -> 379306
B91: CONCRETO CICLOPEO | E91: Unidad: | F91: M3
B93: DESCRIPCIÓN | C93: UNIDAD | D93: CANT | E93: V/r UNITARIO | F93: V/r PARCIAL
B94: MATERIALES : | F94: =SUM(F95:F96) -> 280730.4
B95: PIEDRA DE RIO MEDIA ZONGA | C95: M3 | D95: 0.4 | E95: =+'LISTADO DE MATERIALES'!D238 -> 60000 | F95: =E95*D95 -> 24000
B96: MATERIAL CONCRETO DE 2500 PSI | C96: M3 | D96: 0.6 | E96: =+F68 -> 427884 | F96: =E96*D96 -> 256730.4
B98: EQUIPO Y HERRAMIENTAS: | F98: =SUM(F99:F100) -> 9195.8
B99: HERRAMIENTA MENOR | C99: GL | D99: 0.6 | E99: ='LISTADO DE MATERIALES'!D171 -> 1993 | F99: =E99*D99 -> 1195.8
B100: MEZCLADORA | C100: DIA | D100: 0.1 | E100: =+'LISTADO DE MATERIALES'!D216 -> 80000 | F100: =E100*D100 -> 8000
B102: MANO DE OBRA: | F102: =SUM(F103:F104) -> 115727.34
B103: OFICIAL (incl. Prestaciones) | C103: DIA | D103: 0.55 | E103: ='MANO DE OBRA Y CUADRILLAS'!F$58 -> 122537.67 | F103: =E103*D103 -> 67395.72
B104: AYUIDANTE (Incl. Prestaciones) | C104: DIA | D104: 0.55 | E104: ='MANO DE OBRA Y CUADRILLAS'!F$31 -> 87875.67 | F104: =E104*D104 -> 48331.62
C106: [ M3 ] V/r. COSTO DIRECTO = | F106: =ROUND(F102+F98+F94,0) -> 405654
B109: MORTERO 1:3 | E109: Unidad: | F109: M3
B111: DESCRIPCIÓN | C111: UNIDAD | D111: CANT | E111: V/r UNITARIO | F111: V/r PARCIAL
B112: MATERIALES : | F112: =SUM(F113:F115) -> 375811
B113: CEMENTO GRIS | C113: M3 | D113: 454 | E113: ='LISTADO DE MATERIALES'!D91 -> 660 | F113: =E113*D113 -> 299640
B114: ARENA DE REVOQUE | C114: M3 | D114: 1.05 | E114: ='LISTADO DE MATERIALES'!D44 -> 68500 | F114: =E114*D114 -> 71925
B115: AGUA | C115: LT | D115: 193 | E115: =E78 -> 22 | F115: =E115*D115 -> 4246
B117: EQUIPO Y HERRAMIENTAS: | F117: =SUM(F118:F118) -> 1993
B118: HERRAMIENTA MENOR | C118: GL | D118: 1 | E118: ='LISTADO DE MATERIALES'!D171 -> 1993 | F118: =E118*D118 -> 1993
B120: MANO DE OBRA: | F120: =SUM(F121:F121) -> 87875.67
B121: AYUDANTE (Incl. Prestaciones) | C121: DIA | D121: 1 | E121: ='MANO DE OBRA Y CUADRILLAS'!F$31 -> 87875.67 | F121: =E121*D121 -> 87875.67
C123: V/r. COSTO DIRECTO = | F123: =ROUND(F120+F117+F112,0) -> 465680
B125: MORTERO 1:3 IMPERMEABILIZADO | E125: Unidad: | F125: M3
B127: DESCRIPCIÓN | C127: UNIDAD | D127: CANT | E127: V/r UNITARIO | F127: V/r PARCIAL
B128: MATERIALES : | F128: =SUM(F129:F132) -> 673031
B129: CEMENTO GRIS | C129: M3 | D129: 454 | E129: ='LISTADO DE MATERIALES'!D91 -> 660 | F129: =E129*D129 -> 299640
B130: AREAN DE REVOQUE | C130: M3 | D130: 1.05 | E130: ='LISTADO DE MATERIALES'!D44 -> 68500 | F130: =E130*D130 -> 71925
B131: SIKA 1 | C131: KG | D131: 19.3 | E131: ='LISTADO DE MATERIALES'!D277 -> 15400 | F131: =E131*D131 -> 297220
B132: AGUA | C132: LT | D132: 193 | E132: =E115 -> 22 | F132: =E132*D132 -> 4246
B134: EQUIPO Y HERRAMIENTAS: | F134: =SUM(F135:F135) -> 1993
B135: HERRAMIENTA MENOR | C135: GL | D135: 1 | E135: ='LISTADO DE MATERIALES'!D171 -> 1993 | F135: =E135*D135 -> 1993
B137: MANO DE OBRA: | F137: =SUM(F138:F138) -> 87875.67
B138: AYUIDANTE (Incl. Prestaciones) | C138: DIA | D138: 1 | E138: ='MANO DE OBRA Y CUADRILLAS'!F$31 -> 87875.67 | F138: =E138*D138 -> 87875.67
C140: [ M3 ] V/r. COSTO DIRECTO = | F140: =ROUND(F137+F134+F128,0) -> 762900
B142: MORTERO 1:4 | E142: Unidad: | F142: M3
B144: DESCRIPCIÓN | C144: UNIDAD | D144: CANT | E144: V/r UNITARIO | F144: V/r PARCIAL
...

Sheet LISTADO DE MATERIALES
A1: =ROTULOS!A1 -> DEPARTAMENTO DEL HUILA
A2: =ROTULOS!A2 -> SECRETARIA DE AGRICULTURA Y MINERÍA
A3: =ROTULOS!A3 -> PRESUPUESTO
A4: INSUMOS - VIGENCIA 2023
A5: CÓDIGO | B5: MATERIALES, EQUIPO y MAQUINARIA, JORNALES | C5: UNIDAD | D5: V/r. UNT NEIVA 2023
A6: M101 | B6: ACERO Fy=2,400 Kg/cm2 | C6: KG | D6: 7100
A7: M102 | B7: ACERO Fy=4,200 kg/cm2 | C7: KG | D7: 7380
A8: M103 | B8: ACIDO MURÍATICO | C8: GL | D8: 36000
A9: M104 | B9: ACCESORIO PARA FIJACION VARILLA | C9: UND | D9: 11200
A10: M104 | B10: ACCESORIO PVC 2" SAN | C10: UND | D10: 7936
A11: M104 | B11: ACCESORIO PVC 3" SAN | C11: UND | D11: 12419
A12: M104 | B12: ACCESORIO PVC 4" SAN | C12: UND | D12: 17954
A13: M105 | B13: ACCESORIO PVC 6" SAN | C13: UND | D13: 25650
A14: M106 | B14: ACCESORIOS EMPAQUES Y TORNILLOS | C14: GL | D14: 9917
A15: M107 | B15: ADAPTADOR MACHO PVC 1/2" | C15: UND | D15: 450
A16: M108 | B16: ADAPTADOR TERMINAL PVC ½" CONDUIT | C16: UND | D16: 450
B17: ADAPTADOR TERMINAL EMT ½" CONDUIT | C17: UND | D17: 1100
B18: ADAPTADOR TERMINAL EMT 3/4" CONDUIT | C18: UND | D18: 1500
B19: ADAPTADOR TERMINAL EMT 1" CONDUIT | C19: UND | D19: 2100
A20: M109 | B20: ADHESIVO PVC | C20: 1/4 GL | D20: 68900
A21: M110 | B21: ADOQUIN PEATONAL ·2 ARCOL | C21: M2 | D21: 32000
A22: M111 | B22: ADOQUIN VEHICULAR (24x12x6) | C22: M2 | D22: 54000
A23: M112 | B23: AGUA | C23: LT | D23: 22
A24: M113 | B24: ALAMBRE NEGRO No 18 | C24: KG | D24: 11900
A25: M114 | B25: ALFACOLOR | C25: KG | D25: 7000
A26: M115 | B26: AMARRES TEJA DE ZINC | C26: UND | D26: 339
A27: M116 | B27: ANDAMIO TUBULAR. 1.5 x 1.5 | C27: DÍA | D27: 4500
A28: M117 | B28: ÁNGULO 1/8 "x 1½" | C28: ML | D28: 8384
A29: M118 | B29: ÁNGULO l/8"xl" | C29: ML | D29: 4648
A30: M119 | B30: ÁNGULO 1/8 "x3/4 | C30: ML | D30: 2988
A31: M120 | B31: ANGULO 2 X 1/8" | C31: ML | D31: 9628
... A46: M135 | B46: AISLADOR DE SUSPENSION 6" | C46: UND | D46: 32450
B47: AISLADOR DE SUSPENSION POLIMERICO - SINTETICO DE 15 Kv | C47: UND | D47: 55600
A48: M136 | B48: AISLADOR TENSOR 3½" 54-1 | C48: UND | D48: 15450
A49: M137 | B49: AYUDANTE | C49: DIA | D49: 87094.53
A50: M138 | B50: BALDOSIN DE CEMENTO | C50: M2 | D50: 28500
A51: M139 | B51: BALDOSIN DURAKER 20X20 | C51: M2 | D51: 34500
A52: M140 | B52: BALDOSIN GRANITO ALFA 30X30 VILLA DE LEYVA | C52: M2 | D52: 55475
A53: M141 | B53: BALDOSIN GRANITO ALFA 30X30 BLANCO HUILA | C53: M2 | D53: 79800
A54: M142 | B54: BARNIZ | C54: GAL | D54: 95300
A55: M143 | B55: BARROTES EN ALUMINIO | C55: ML | D55: 12850
A56: M144 | B56: BISAGRA DE 2"X2" | C56: UND | D56: 2656
A57: M145 | B57: BISAGRA DE 3" x 3" | C57: UND | D57: 2988
A58: M146 | B58: BLANCO DE ZINC | C58: LB | D58: 5870
A59: M147 | B59: BLOQUE DE CEMENTO 12X20X40 | C59: UND | D59: 3500
... A120: M205 | B120: CURVA PVC 1/2" | C120: UND | D120: 498
B121: CURVA EMT 1/2" | C121: UND | D121: 1900
B122: CURVA EMT 3/4" | C122: UND | D122: 2300
B123: CURVA EMT 1" | C123: UND | D123: 3800
A124: M206 | B124: CRISTALBLOCK | C124: UND | D124: 20519
A125: M207 | B125: CERCO DE MADERA ( 5X10) | C125: ML | D125: 4317
A126: M208 | B126: ESPARRAGOS 5/8" X 10" | C126: UND | D126: 8550
A127: M209 | B127: DILATACIÓN DE PVC | C127: ML | D127: 1881
A128: M210 | B128: DIAGONAL ANGULO 0.68 CMS | C128: UND | D128: 20177
A129: M211 | B129: DILATACIÓN DE VIDRIO | C129: ML | D129: 1025
A130: M212 | B130: DILATACION EN COBRE | C130: ML | D130: 11115
A131: M213 | B131: DINAMITA INDUGIL PLUS | C131: KG | D131: 85000
A132: M214 | B132: DISOLVENTE THINNER | C132: GL | D132: 23241
A133: M215 | B133: DISPENSADOR DE JABÓN ACERO INOX Y VIDRIO | C133: UND | D133: 148762
A134: M216 | B134: DISPENSADOR DE PAPEL EN ACERO INOXIDABLE | C134: UND | D134: 88060
A135: M217 | B135: DOBLADORA DE ACERO | C135: DIA | D135: 70961
... A146: M228 | B146: FIBRA DE POLIPROPILENO (h=2,0m) | C146: ML | D146: 5472
A147: M229 | B147: FORMALETA MADERA | C147: M2 | D147: =+'ANALISIS BASICOS'!F208 -> 69872
A148: M230 | B148: FORMALETA PARA PLACA (20 dias) | C148: M2 | D148: =+'ANALISIS BASICOS'!F229 -> 21434
A149: M231 | B149: FORMALETA MET.JUNTA DE PLACA MACHIMBREADA (DIA) | C149: ML | D149: 1025
A150: M232 | B150: FULMINANTE | C150: UND | D150: 1711
A151: M233 | B151: FLUXOMETRO SLOAN ACUAVAL(260,000+IVA) | C151: UND | D151: 515708
A152: M234 | B152: GRAMA PARA JARDÍN | C152: M2 | D152: 6839
A153: M235 | B153: GANCHO PARA TEJAS | C153: UND | D153: 429
A154: M236 | B154: GRANIPLAST | C154: CÑ | D154: 85495
A155: M237 | B155: GRANITO #2 (Blanco) 25 Kg | C155: BT | D155: 11372
A156: M238 | B156: GRANITO #2 (Negro); 25 Kg | C156: BT | D156: 13680
A157: M239 | B157: GRANITO #3 | C157: BT | D157: 8550
A158: M240 | B158: GRAVILLA #2 | C158: BT | D158: 6839
A159: M241 | B159: GRAVILLA DE PLANTA TM 3/4" | C159: M3 | D159: 116800
A160: M242 | B160: GRAVILLA DE RIO | C160: M3 | D160: 92228
... A165: M247 | B165: GRIFERIA LAVAPLATOS | C165: UNID | D165: 39329
A166: M248 | B166: =+#REF! -> #REF! | C166: UND | D166: 6500
A167: M249 | B167: GUARDA LUZ MEDIACAÑA | C167: ML | D167: 1711
A168: M250 | B168: GUARDAESCOBA BALDOSÍN GRANITO ALFA | C168: ML | D168: 16246
A169: M251 | B169: GUARDAESCOBA BALDOSÍN DE CEMENTO | C169: ML | D169: 5130
A170: M252 | B170: GRAPA DE RETENSION/PISTOLA 13200 | C170: UND | D170: 81250
A171: M253 | B171: HERRAMIENTA MENOR | C171: GL | D171: 1993
A172: M254 | B172: HIDROSOLDA | C172: KG | D172: 5810
A173: M255 | B173: HILAZA | C173: KG | D173: 5559
A174: M256 | B174: IGAS GRIS | C174: KG | D174: 26692
A175: M257 | B175: IMPRIMANTE | C175: GL | D175: 42748
A176: M258 | B176: IMPLEMENTO DE ASEO | C176: GL | D176: 1711
A177: M259 | B177: INTERRUPTOR D0BLE TIPO LUMINEX GALICA | C177: UN | D177: 25000
A178: M260 | B178: INTERRUPTOR SENCILLO | C178: UND | D178: 22000
B179: INTERRUPTOR TRIPLE | C179: UND | D179: 33500
A180: M261 | B180: INTERRUPTOR NO AUTOMATICO DE 10-100 AMP | C180: UND | D180: 11115
A181: M262 | B181: INTERRUPTOR TERMOMAGNETICO DE 15 AMP | C181: UND | D181: 16650
A182: M263 | B182: JUEGO DE BOQUILLAS DE 1/2" | C182: UND | D182: 2822
A183: M264 | B183: JUEGO INCRUSTACIONES ( 4 Piezas Blanco) | C183: UND | D183: 54252
A184: M265 | B184: LACA | C184: GAL | D184: 94045
A185: M266 | B185: LADRILLO PRENSADO | C185: UND | D185: 1302
A186: M267 | B186: LADRILLO TOLETE REJILLA | C186: UND | D186: 1357
A187: M268 | B187: LADRILLO PRENSADO MACIZO | C187: UND | D187: 1200
A188: M269 | B188: LADRILLO SEMIPRENSADO | C188: UND | D188: 977
...

Sheet PRESUPUESTO
A1: =ROTULOS!A1 -> DEPARTAMENTO DEL HUILA
A2: =ROTULOS!A2 -> SECRETARIA DE AGRICULTURA Y MINERÍA
A3: PRESUPUESTO
A4: =ROTULOS!A4 -> MEJORAMIENTO DE LA PLAZA DE FERIAS DEL MUNICIPIO DE ACEVEDO DEPARTAMENTO DEL HUILA
A5: ITEM | B5: ACTIVIDAD | C5: UN | D5: VR. UNT. | E5: CANT. | F5: VR. PARCIAL | G5: AIU 29% | H5: VR. TOTAL INCLUIDO AIU
A6: 1 | B6: RELLENOS
A7: 1.1 | B7: Relleno compactado con recebo seleccionado | C7: M3 | D7: ='1'!F$22 -> 59790 | E7: =+'MEMORIA DE CANTIDADES'!H12 -> 12 | F7: =D7*E7 -> 717480 | G7: =+F7*0.29 -> 208069.2 | H7: =+G7+F7 -> 925549.2
A8: 2 | B8: ADECUACIÓN DE GRADERIAS
A9: 2.1 | B9: Construcción de Placa de piso en concreto de 3000 psi e=0.10 con malla electrosoldada de 6mm | C9: M2 | D9: ='2'!F$23 -> 127342 | E9: =+'MEMORIA DE CANTIDADES'!H19 -> 77 | F9: =D9*E9 -> 9805334 | G9: =+F9*0.29 -> 2843546.9 | H9: =+G9+F9 -> 12648881
A10: 2.2 | B10: Anclaje en varilla de 1/2 c/ 1metro longitud 1.5 | C10: ML | D10: =+'2'!F38 -> 53855 | E10: =+'MEMORIA DE CANTIDADES'!H25 -> 80 | F10: =D10*E10 -> 4308400 | G10: =+F10*0.29 -> 1249436 | H10: =+G10+F10 -> 5557836
A11: 2.3 | B11: Mantenimiento de corral de ferias, incluye cambio de postes averiados y tablones | C11: UND | D11: =+'2'!F53 -> 8416184 | E11: 1 | F11: =D11*E11 -> 8416184 | G11: =+F11*0.29 -> 2440693.4 | H11: =+G11+F11 -> 10856877
C12: TOTAL COSTOS DIRECTOS | F12: =SUM(F7:F11) -> 23247398 | G12: =SUM(G7:G11) -> 6741745.4 | H12: =SUM(H7:H11) -> 29989143
C13: ADMINISTRACION | E13: 0.23 | F13: =$F$12*E13 -> 5346901.5
C14: IMPREVISTOS | E14: 0.03 | F14: =$F$12*E14 -> 697421.94
C15: UTILIDADES | E15: 0.03 | F15: =$F$12*E15 -> 697421.94
C16: SUBTOTAL COSTOS INDIRECTOS | F16: =SUM(F13:F15) -> 6741745.4
C17: COSTO TOTAL | F17: =SUM(F12:F15) -> 29989143
A20: Elaboro:
B21: FIRMA:
B22: NOMBRE Y APELLIDOS:
B23: PROFESION:
B24: MATRICULA PROFESIONAL No.:

Sheet MEMORIA DE CANTIDADES
A1: =ROTULOS!A1 -> DEPARTAMENTO DEL HUILA
A2: =ROTULOS!A2 -> SECRETARIA DE AGRICULTURA Y MINERÍA
A3: PRESUPUESTO
A4: =ROTULOS!A4 -> MEJORAMIENTO DE LA PLAZA DE FERIAS DEL MUNICIPIO DE ACEVEDO DEPARTAMENTO DEL HUILA
A5: ITEM | B5: ACTIVIDAD | C5: UNIDAD
A6: 1 | B6: =+PRESUPUESTO!B7 -> Relleno compactado con recebo seleccionado
A7: =+PRESUPUESTO!A7 -> 1.1 | B7: =+PRESUPUESTO!B7 -> Relleno compactado con recebo seleccionado | C7: M2
A8: DESCRIPCION Y/O UBICACIÓN | C8: Largo (m) | D8: Ancho(m) | E8: Alto(m) | F8: Espesor Promedio(m) | G8: Cantidad | H8: Subtotal
A9: Relleno graderias escalon 1 | C9: 16 | D9: 0.5 | E9: 0.5 | G9: 1 | H9: =+C9*D9*E9*G9 -> 4
A10: Relleno graderias escalon 2 | C10: 16 | D10: 0.5 | E10: 0.5 | G10: 1 | H10: =+C10*D10*E10*G10 -> 4
A11: Relleno graderias escalon 3 | C11: 16 | D11: 0.5 | E11: 0.5 | G11: 1 | H11: =+C11*D11*E11*G11 -> 4
A12: Total | H12: =SUM(H9:H11) -> 12
A13: 2 | B13: =+PRESUPUESTO!B8 -> ADECUACIÓN DE GRADERIAS
A14: 2.1 | B14: Demolición baldosa de piso h=0.02 m | C14: M2
A15: DESCRIPCION Y/O UBICACIÓN | C15: Largo (m) | D15: Ancho(m) | E15: Alto(m) | F15: Espesor Promedio(m) | G15: Cantidad | H15: Subtotal
A16: Relleno graderias escalon 1 | C16: 16 | D16: 1 | E16: 1 | G16: 2 | H16: =+C16*D16*E16*G16 -> 32
A17: Relleno graderias escalon 2 | C17: 16 | D17: 1.8 | E17: 1 | G17: 1 | H17: =+C17*D17*E17*G17 -> 28.8
A18: Relleno graderias escalon 3 | C18: 16 | D18: 1 | E18: 1 | G18: 1 | H18: =+C18*D18*E18*G18 -> 16
A19: Total | H19: =ROUND(SUM(H16:H18),0) -> 77
A20: 2.2 | B20: Demolición enchape muro | C20: UND
A21: DESCRIPCION Y/O UBICACIÓN | C21: Largo (m) | D21: Ancho(m) | E21: Alto(m) | F21: Espesor Promedio(m) | G21: Cantidad | H21: Subtotal
A22: Relleno graderias escalon 1 | C22: 1 | D22: 1 | E22: 1 | G22: 16 | H22: =+C22*D22*E22*G22 -> 16
A23: Relleno graderias escalon 2 | C23: 1 | D23: 1 | E23: 1 | G23: 32 | H23: =+C23*D23*E23*G23 -> 32
A24: Relleno graderias escalon 3 | C24: 1 | D24: 1 | E24: 1 | G24: 32 | H24: =+C24*D24*E24*G24 -> 32
A25: Total | H25: =SUM(H22:H24) -> 80
A26: =+PRESUPUESTO!A11 -> 2.3 | B26: =+PRESUPUESTO!B11 -> Mantenimiento de corral de ferias, incluye cambio de postes averiados y tablones | C26: =+PRESUPUESTO!C11 -> UND
A27: DESCRIPCION Y/O UBICACIÓN | C27: Largo (m) | D27: Ancho(m) | E27: Alto(m) | F27: Espesor Promedio(m) | G27: Cantidad | H27: Subtotal
A28: Corral | G28: 1 | H28: =+G28 -> 1
A31: Total | H31: =SUM(H28:H30) -> 1
A34: Elaboro:
B35: FIRMA:
B36: NOMBRE Y APELLIDOS:
B37: PROFESION:
B38: MATRICULA PROFESIONAL No.:

Sheet 1
B1: =ROTULOS!A1 -> DEPARTAMENTO DEL HUILA
B2: =ROTULOS!A2 -> SECRETARIA DE AGRICULTURA Y MINERÍA
B3: =ROTULOS!A3 -> PRESUPUESTO
B5: ANÁLISIS DE PRECIOS UNITARIOS - COSTOS DIRECTOS
B7: 1. RELLENOS
A9: =+PRESUPUESTO!A7 -> 1.1 | B9: =PRESUPUESTO!B7 -> Relleno compactado con recebo seleccionado | E9: Unidad: | F9: =PRESUPUESTO!C7 -> M3
B11: DESCRIPCIÓN | C11: UNIDAD | D11: CANT | E11: V/r UNITARIO | F11: V/r PARCIAL
B13: MATERIALES | F13: =SUM(F14) -> 43401
B14: RECEBO SELECCIONADO | C14: M3 | D14: 1 | E14: ='LISTADO DE MATERIALES'!D$260 -> 43401 | F14: =D14*E14 -> 43401
B16: EQUIPO Y HERRAMIENTAS: | F16: =SUM(F17:F18) -> 3237.9
B17: HERRAMIENTA MENOR | C17: UND | D17: 0.3 | E17: ='LISTADO DE MATERIALES'!D$171 -> 1993 | F17: =E17*D17 -> 597.9
B18: =+'LISTADO DE MATERIALES'!B381 -> VIBROCOMPACTADOR MANUAL (RANA 80-100 kg) | C18: DIA | D18: 0.04 | E18: =+'LISTADO DE MATERIALES'!D$381 -> 66000 | F18: =E18*D18 -> 2640
B19: MANO DE OBRA | F19: =F20 -> 13151
B20: MANO DE OBRA | C20: HR | D20: 0.5 | E20: ='MANO DE OBRA Y CUADRILLAS'!F$68 -> 26302 | F20: =E20*D20 -> 13151
C22: [ M3 ] V/r. COSTO DIRECTO | F22: =ROUND(F19+F16+F13,0) -> 59790

Sheet 2
B1: =ROTULOS!A1 -> DEPARTAMENTO DEL HUILA
B2: =ROTULOS!A2 -> SECRETARIA DE AGRICULTURA Y MINERÍA
B3: =ROTULOS!A3 -> PRESUPUESTO
B5: ANÁLISIS DE PRECIOS UNITARIOS - COSTOS DIRECTOS
B7: 2. ADECUACIÓN DE GRADERIAS
A10: =PRESUPUESTO!A9 -> 2.1 | B10: =PRESUPUESTO!B9 -> Construcción de Placa de piso en concreto de 3000 psi e=0.10 con malla electrosoldada de 6mm | E10: UNIDAD: | F10: =PRESUPUESTO!C9 -> M2
B12: DESCRIPCIÓN | C12: UNIDAD | D12: CANT | E12: V/r UNITARIO | F12: V/r PARCIAL
B13: MATERIALES : | F13: =SUM(F14:F16) -> 107934.1
B14: CONCRETO DE 3000 PSI | C14: M3 | D14: 0.1 | E14: ='ANALISIS BASICOS'!F$47 -> 515781 | F14: =E14*D14 -> 51578.1
B15: FORMALETA | C15: M2 | D15: 0.5 | E15: ='LISTADO DE MATERIALES'!D$147 -> 69872 | F15: =E15*D15 -> 34936
B16: MALLA ELECTROSOLDADA 6mm | C16: M2 | D16: 1.05 | E16: ='LISTADO DE MATERIALES'!D$444 -> 20400 | F16: =E16*D16 -> 21420
B17: EQUIPO Y HERRAMIENTAS: | F17: =SUM(F18:F18) -> 996.5
B18: HERRAMIENTA MENOR | C18: UND | D18: 0.5 | E18: ='LISTADO DE MATERIALES'!D$171 -> 1993 | F18: =E18*D18 -> 996.5
B20: MANO DE OBRA: | F20: =F21 -> 18411.4
B21: MANO DE OBRA: | C21: HR | D21: 0.7 | E21: ='MANO DE OBRA Y CUADRILLAS'!F$68 -> 26302 | F21: =E21*D21 -> 18411.4
C23: V/r. COSTO DIRECTO = | F23: =ROUND(F20+F17+F13,0) -> 127342
A25: =+PRESUPUESTO!A10 -> 2.2 | B25: =+PRESUPUESTO!B10 -> Anclaje en varilla de 1/2 c/ 1metro longitud 1.5 | E25: UNIDAD: | F25: =+PRESUPUESTO!C10 -> ML
B27: DESCRIPCIÓN | C27: UNIDAD | D27: CANT | E27: V/r UNITARIO | F27: V/r PARCIAL
B28: MATERIALES : | F28: =SUM(F29:F30) -> 48705.5
B29: VARILLA DE 1/2" | C29: ML | D29: 1.5 | E29: =+'LISTADO DE MATERIALES'!D376 -> 4937 | F29: =E29*D29 -> 7405.5
B30: MATERIAL PARA ANCLAJES | C30: UND | D30: 0.35 | E30: ='LISTADO DE MATERIALES'!D$214 -> 118000 | F30: =E30*D30 -> 41300
B32: EQUIPO Y HERRAMIENTAS: | F32: =SUM(F33:F33) -> 1993
B33: HERRAMIENTA MENOR | C33: UND | D33: 1 | E33: ='LISTADO DE MATERIALES'!D$171 -> 1993 | F33: =E33*D33 -> 1993
B35: MANO DE OBRA: | F35: =F36 -> 3156.2
B36: MANO DE OBRA CARPINTERIA | C36: HR | D36: 0.1 | E36: ='MANO DE OBRA Y CUADRILLAS'!F$113 -> 31562 | F36: =E36*D36 -> 3156.2
C38: [ ML ] V/r. COSTO DIRECTO = | F38: =ROUND(F35+F32+F28,0) -> 53855
A40: =+PRESUPUESTO!A11 -> 2.3 | B40: =+PRESUPUESTO!B11 -> Mantenimiento de corral de ferias, incluye cambio de postes averiados y tablones | E40: UNIDAD: | F40: =+PRESUPUESTO!C11 -> UND
B42: DESCRIPCIÓN | C42: UNIDAD | D42: CANT | E42: V/r UNITARIO | F42: V/r PARCIAL
B43: MATERIALES : | F43: =SUM(F44:F45) -> 4250000
B44: =+'LISTADO DE MATERIALES'!B557 -> ESTACON DE MADERA 3 M, 10X10 Centimetros. | C44: ML | D44: 50 | E44: =+'LISTADO DE MATERIALES'!D557 -> 85000 | F44: =E44*D44 -> 4250000
B47: EQUIPO Y HERRAMIENTAS: | F47: =SUM(F48:F48) -> 378744
B48: HERRAMIENTA MENOR | C48: UND | D48: 0.1 | E48: =+F50 -> 3787440 | F48: =E48*D48 -> 378744
B50: MANO DE OBRA: | F50: =F51 -> 3787440
B51: MANO DE OBRA CARPINTERIA | C51: HR | D51: 120 | E51: ='MANO DE OBRA Y CUADRILLAS'!F$113 -> 31562 | F51: =E51*D51 -> 3787440
C53: [ ML ] V/r. COSTO DIRECTO = | F53: =ROUND(F50+F47+F43,0) -> 8416184
